 Dungeon Crawl Stone Soup version 0.16-a0-129-gbf5829b (webtiles) character file.

330 Ololoev the Cudgeler (level 6, 0/59 HPs)
             Began as an Ogre Gladiator on Aug 13, 2014.
             Slain by Poody's ghost (6 damage)
             ... on Level 4 of the Dungeon.
             The game lasted 00:08:12 (4075 turns).

Ololoev the Cudgeler (Ogre Gladiator)               Turns: 4075, Time: 00:08:12

HP   0/59        AC  3     Str 23      XL: 6   Next: 51%
MP   6/6         EV 10     Int  7      God:
Gold 97          SH  0     Dex 10      Spells:  0 memorised,  5 levels left

rFire  . . .     SeeInvis .     a - +1 flail
rCold  . . .     Clarity  .     j - +0 robe
rNeg   . . .     rCorr    .     (shield restricted)
rPois  .         rRot     .     c - +0 hat
rElec  .         Spirit   .     (no cloak)
SustAb .         Warding  .     (gloves unavailable)
rMut   .         Stasis   .     (boots unavailable)
Gourm  .                        (no amulet)
MR     .....                    (no ring)
                                (no ring)

@: not resistant to hostile enchantments, very unstealthy
A: unfitting armour, tough skin 1
a: no special abilities


You were on level 4 of the Dungeon.
You were not hungry.

You visited 1 branch of the dungeon, and saw 4 of its levels.

You collected 97 gold pieces.

Inventory:

Hand weapons
 a - a +1 flail (weapon)
 x - a +0 blowgun
Missiles
 d - 2 throwing nets
 w - 10 tomahawks (quivered)
 y - 17 poisoned needles
Armour
 c - a +0 hat (worn)
 j - a +0 robe (worn)
Comestibles
 b - 4 bread rations
 f - 3 meat rations
 l - 3 chunks of orc flesh
 p - 2 beef jerkies
Scrolls
 g - a scroll of enchant weapon
 m - a scroll of fear {unknown}
 o - 2 scrolls of identify {unknown}
 q - a scroll of noise {unknown}
 r - a scroll of teleportation {unknown}
Potions
 e - a potion of flight {unknown}
 h - 4 potions of magic
 i - a potion of brilliance
 n - a potion of resistance {unknown}
 u - a potion of invisibility {unknown}


   Skills:
 - Level 2.6 Fighting
 * Level 7.8 Maces & Flails
 + Level 4.7 Throwing
 - Level 2.6 Dodging


You had 5 spell levels left.
You didn't know any spells.

Dungeon Overview and Level Annotations

Branches:
Dungeon (4/15)
 Temple: D:4-7

Altars:

Annotations:
D:4 Poody's ghost, experienced CeHu


Innate Abilities, Weirdness & Mutations

You are too large for most types of armour.
You have tough skin (AC +1).


Message History

Poody's ghost hits you.
* * * LOW HITPOINT WARNING * * *
Drink which item? (? for menu, Esc to quit)
You feel better. Poody's ghost hits you.
* * * LOW HITPOINT WARNING * * *
Drink which item? (? for menu, Esc to quit)
Magic courses through your body.
It was a potion of magic.
Poody's ghost hits you.
* * * LOW HITPOINT WARNING * * *
Poody's ghost barely misses you.
Drink which item? (? for menu, Esc to quit)
You feel clever all of a sudden.
It was a potion of brilliance.
Poody's ghost hits you.
* * * LOW HITPOINT WARNING * * *
Drink which item? (? for menu, Esc to quit)
Your magical effects are unravelling.
It was a potion of cancellation.
You feel a little less clever now. Poody's ghost hits you.
You die...

##.#.# #.# #...## ####....
##..######.#...... ###
#.##...##......... #.
#.####.##.............. ##..#
##..#....................
......##((.)##........#..........
............####.W#...#..........
..........#.# #@.#...#..........
............# #..##...##.........
............##...#....##.........
.................#.....##........
...................... #........
....>........... ....###.......
..............# ...........)..
.... .##.!. .###..##...... #..
##. #......


You could see Poody's ghost.

Vanquished Creatures
  The ghost of Ololoev the Charlatan, an average OgAr (D:3)
  A phantom (D:3)
  An orc priest (D:3)
  3 gnolls
  2 adders (D:3)
  A giant mite (D:3)
  A worm (D:3)
  2 giant geckos
  An ooze (D:1)
  10 orcs
  5 giant cockroaches
  7 hobgoblins
  11 kobolds
  A quokka (D:3)
  2 ball pythons (D:1)
  3 bats
  A giant gecko skeleton (D:4)
  3 giant newts
  3 goblins
  6 rats
65 creatures vanquished.

Notes
Turn   | Place    | Note
--------------------------------------------------------------
     0 | D:1      | Ololoev, the Ogre Gladiator, began the quest for the Orb.
     0 | D:1      | Reached XP level 1. HP: 22/22 MP: 1/1
   386 | D:1      | Reached XP level 2. HP: 23/29 MP: 2/2
  1339 | D:2      | Reached XP level 3. HP: 27/36 MP: 3/3
  1645 | D:2      | Reached skill level 5 in Maces & Flails
  1961 | D:3      | Reached XP level 4. HP: 19/44 MP: 4/4
  2376 | D:3      | Reached skill level 6 in Maces & Flails
  2389 | D:3      | Reached XP level 5. HP: 38/50 MP: 5/5
  3203 | D:3      | Noticed Ololoev's ghost (average OgAr)
  3237 | D:3      | Killed Ololoev's ghost
  3237 | D:3      | Reached skill level 7 in Maces & Flails
  3237 | D:3      | Reached XP level 6. HP: 11/59 MP: 6/6
  4028 | D:4      | Noticed Poody's ghost (experienced CeHu)
  4075 | D:4      | Slain by Poody's ghost

Action                   |  1- 3 |  4- 6 || total
-------------------------+-------+-------++-------
Melee: Flail             |    97 |   179 ||   276
 Fire: Blowgun           |       |     3 ||     3
Throw: Throwing net      |     2 |     3 ||     5
       Tomahawk          |       |     5 ||     5
  Use: Potion            |       |     8 ||     8
       Scroll            |       |     1 ||     1
 Stab: Held in net/web   |     1 |       ||     1
  Eat: Chunk             |     3 |     4 ||     7
       Pizza             |       |     1 ||     1
       Beef jerky        |       |     1 ||     1
